Newfoundland Shamrocks vs Sarnia Sailors
Created - Saturday, April 29, 2023 at 09:31
Goals
|
| Newfoundland Shamrocks |
0 |
2 |
1 |
3 |
| Sarnia Sailors |
1 |
0 |
0 |
1 |
|
Shots
|
| Newfoundland Shamrocks |
6 |
9 |
13 |
28 |
| Sarnia Sailors |
16 |
15 |
2 |
33 |
|
1st period
1. Sarnia Sailors , Dominic Turgeon 4 (Aleksi Heponiemi 13, Adam Erne 9) at 10:34
Penalties :
Max Comtois (NFS) for Interference (Minor) at 8:28, Riley Barber (NFS) for Hooking (Minor) at 11:51, Keegan Kolesar (SAR) for Hooking (Minor) at 15:15
2nd period
2. Newfoundland Shamrocks , Filip Hallander 6 (Jacob Bernard-Docker 6) at 7:44
3. Newfoundland Shamrocks , Semyon Der-Arguchintsev 3 (Filip Hallander 6, Alec Regula 9) at 17:41
Penalties :
Max Comtois (NFS) for Goalie Interference (Minor) at 2:01, Keegan Kolesar (SAR) for Interference (Minor) at 18:13
3rd period
4. Newfoundland Shamrocks , Max Comtois 29 (Nicolas Deslauriers 20, Sean Monahan 14) at 8:45
Penalties :
Filip Hallander (NFS) for Roughing (Minor) at 3:40, Yannick Weber (SAR) for Tripping (Minor) at 10:41
Goalie Stats
Louis Domingue (NFS), 32 saves from 33 shots - (0.970), W, 10-7-5, 60:00 minutes
Laurent Brossoit (SAR), 25 saves from 28 shots - (0.893), L, 12-14-1, 60:00 minutes
Players Stats for Newfoundland Shamrocks
Player Name G A P +/- PIM S H SB GA TA FO MP PP MP PK MP
------------------------------------------------------------------------------------
Alec Regula 0 1 1 1 0 0 0 2 0 0 0/0 18:02 0:00 3:10
Alex Chiasson 0 0 0 0 0 1 2 0 2 0 0/1 17:10 3:01 0:51
Denis Gurianov 0 0 0 0 0 4 3 0 0 0 1/2 15:23 2:47 0:00
Drew O'Connor 0 0 0 -1 0 0 0 0 0 0 0/0 14:13 0:06 4:30
Dylan Coghlan 0 0 0 0 0 0 2 1 0 0 0/0 23:25 0:00 4:46
Filip Hallander 1 1 2 2 2 1 2 0 0 0 0/0 12:34 0:00 2:08
Jacob Bernard-Docker 0 1 1 1 0 2 1 1 0 2 0/0 15:45 3:24 0:00
Jon Merrill 0 0 0 0 0 1 1 2 0 3 0/0 23:51 0:03 4:46
Max Comtois 1 0 1 0 4 3 5 0 1 0 1/1 16:19 2:36 0:00
Nicolas Deslauriers 0 1 1 0 0 3 1 2 1 0 0/0 16:18 2:02 0:52
Raphael Lavoie 0 0 0 1 0 3 2 0 0 0 5/7 16:03 2:33 0:00
Riley Barber 0 0 0 0 2 1 0 1 1 0 0/0 12:28 2:45 0:00
Sam Poulin 0 0 0 2 0 1 0 1 0 0 0/0 13:33 3:24 0:00
Sean Monahan 0 1 1 0 0 1 4 0 1 0 15/24 18:11 0:44 4:31
Semyon Der-Arguchintsev 1 0 1 2 0 5 1 1 1 1 3/4 12:09 2:42 0:00
Tanner Laczynski 0 0 0 0 0 1 1 0 0 0 2/6 14:12 0:34 3:00
Ville Heinola 0 0 0 2 0 1 1 2 0 1 0/0 17:26 2:33 0:00
Wyatte Wylie 0 0 0 0 0 0 0 1 0 0 0/0 14:58 0:31 3:10
Players Stats for Sarnia Sailors
Player Name G A P +/- PIM S H SB GA TA FO MP PP MP PK MP
------------------------------------------------------------------------------------
Adam Erne 0 1 1 0 0 1 2 0 1 0 0/0 16:27 3:27 0:00
Aleksi Heponiemi 0 1 1 0 0 1 2 0 1 0 0/0 13:03 0:36 2:07
Alex Vlasic 0 0 0 0 0 4 0 0 0 1 0/0 25:58 3:48 3:30
Chris Wideman 0 0 0 0 0 5 3 0 1 0 0/0 12:00 4:08 0:00
Connor Carrick 0 0 0 0 0 2 1 0 0 2 0/0 15:00 0:00 3:30
David Warsofsky 0 0 0 -1 0 1 1 1 0 0 0/0 12:50 0:00 0:00
Dominic Toninato 0 0 0 -1 0 2 2 2 1 0 9/25 22:20 4:16 3:00
Dominic Turgeon 1 0 1 0 0 2 1 0 0 0 1/3 11:26 0:00 1:27
Dylan McLaughlin 0 0 0 0 0 3 2 0 0 1 4/11 16:28 3:10 0:32
Jack Rathbone 0 0 0 1 0 1 1 1 0 0 0/0 24:27 4:08 2:27
Josh Dickinson 0 0 0 -1 0 1 0 0 1 1 1/2 14:51 3:27 2:06
Keegan Kolesar 0 0 0 -1 4 2 3 0 1 0 2/2 20:30 4:13 0:59
Michael Dal Colle 0 0 0 0 0 2 5 0 0 0 1/1 15:04 0:16 1:43
Mitchell Vande Sompel 0 0 0 -3 0 0 3 0 0 1 0/0 18:19 0:10 0:00
Rob Hamilton 0 0 0 -2 0 1 2 0 0 0 0/0 16:52 0:00 2:27
Seth Barton 0 0 0 0 0 0 0 0 0 0 0/0 1:36 0:00 0:00
Vasily Podkolzin 0 0 0 -2 0 4 1 2 0 1 0/1 19:42 4:13 0:00
Yannick Weber 0 0 0 0 2 1 4 1 1 0 0/0 17:07 3:48 0:00
3 Stars
1 - Louis Domingue (NFS)
2 - Filip Hallander (NFS)
3 - Semyon Der-Arguchintsev (NFS)
Power Play
Newfoundland Shamrocks - 0 on 3 Attempt(s) - 0.00%
Sarnia Sailors - 0 on 4 Attempt(s) - 0.00%
Penalty Kill
Newfoundland Shamrocks - 4 on 4 Attempt(s) - 100.00%
- Score 0 goal in Penalty Kill
Sarnia Sailors - 3 on 3 Attempt(s) - 100.00%
- Score 0 goal in Penalty Kill
Team Stat
Newfoundland Shamrocks - Hits : 26 - Faceoff Wins : 27 - Blocked Shots : 14 - Penalty Minutes : 8
Sarnia Sailors - Hits : 33 - Faceoff Wins : 18 - Blocked Shots : 7 - Penalty Minutes : 6
Official
Referees : Chris Lee and Gord Dwyer
Linesman : Greg Devorski and Derek Nansen
Game Notes
Seth Barton is injured at 7:30 of 1st period (Upper Body)
Newfoundland Shamrocks
5 vs 5 Forward
Center Left Wing Right Wing Time % Phy DF OF
1 Sean Monahan Denis Gurianov Alex Chiasson 40 1 2 2
2 Raphael Lavoie Max Comtois Nicolas Deslauriers 30 1 2 2
3 Tanner Laczynski Drew O'Connor Riley Barber 20 1 2 2
4 Semyon Der-Arguchintsev Filip Hallander Sam Poulin 10 1 2 2
5 vs 5 Defense
Defense Defense Time % Phy DF OF
1 Jon Merrill Dylan Coghlan 40 1 2 2
2 Alec Regula Ville Heinola 30 1 2 2
3 Jacob Bernard-Docker Wyatte Wylie 20 1 2 2
4 Jon Merrill Dylan Coghlan 10 1 2 2
PowerPlay Forward
Center Left Wing Right Wing Time % Phy DF OF
1 Raphael Lavoie Max Comtois Alex Chiasson 60 1 2 2
2 Semyon Der-Arguchintsev Denis Gurianov Riley Barber 40 1 2 2
PowerPlay Defense
Defense Defense Time % Phy DF OF
1 Sam Poulin Jacob Bernard-Docker 60 1 2 2
2 Nicolas Deslauriers Ville Heinola 40 1 2 2
Penalty Kill 4 Players Forward
Center Wing Time % Phy DF OF
1 Sean Monahan Drew O'Connor 60 1 2 2
2 Tanner Laczynski Filip Hallander 40 1 2 2
Penalty Kill 4 Players Defense
Defense Defense Time % Phy DF OF
1 Jon Merrill Dylan Coghlan 60 1 2 2
2 Wyatte Wylie Alec Regula 40 1 2 2
Penalty Kill - 3 Players Forward
Forward Time % Phy DF OF
1 Sean Monahan 60 1 2 2
2 Tanner Laczynski 40 1 2 2
Penalty Kill - 3 Players Defense
Defense Defense Time % Phy DF OF
1 Jon Merrill Dylan Coghlan 60 1 2 2
2 Alec Regula Wyatte Wylie 40 1 2 2
4 vs 4 Forward
Center Wing Time % Phy DF OF
1 Sean Monahan Alex Chiasson 60 1 2 2
2 Semyon Der-Arguchintsev Denis Gurianov 40 1 2 2
4 vs 4 Defense
Defense Defense Time % Phy DF OF
1 Jon Merrill Dylan Coghlan 60 1 2 2
2 Alec Regula Ville Heinola 40 1 2 2
Last Minutes Offensive
Center Left Wing Right Wing Defense Defense
Raphael Lavoie Max Comtois Sam Poulin Jon Merrill Alec Regula
Last Minutes Defensive
Center Left Wing Right Wing Defense Defense
Tanner Laczynski Alex Chiasson Nicolas Deslauriers Jon Merrill Alec Regula
Goaltenders
Starting : Louis Domingue
Backup : Dustin Tokarski
Extra Forwards
Normal : Max Comtois, Sean Monahan, Denis Gurianov - PP : Sean Monahan, Tanner Laczynski - PK : Nicolas Deslauriers
Extra Defensemen
Normal : Alec Regula, Jon Merrill, Dylan Coghlan - PP : Wyatte Wylie - PK : Ville Heinola, Jacob Bernard-Docker
Penalty Shots
Alex Chiasson, Max Comtois, Nicolas Deslauriers, Riley Barber, Filip Hallander
Sarnia Sailors
5 vs 5 Forward
Center Left Wing Right Wing Time % Phy DF OF
1 Dominic Toninato Keegan Kolesar Vasily Podkolzin 40 1 2 2
2 Dylan McLaughlin Adam Erne Michael Dal Colle 30 1 2 2
3 Dominic Turgeon Aleksi Heponiemi Connor Carrick 20 1 2 2
4 Josh Dickinson Chris Wideman Yannick Weber 10 1 2 2
5 vs 5 Defense
Defense Defense Time % Phy DF OF
1 Alex Vlasic Jack Rathbone 40 1 2 2
2 Rob Hamilton Seth Barton 30 1 2 2
3 Mitchell Vande Sompel David Warsofsky 20 1 2 2
4 Connor Carrick Alex Vlasic 10 1 2 2
PowerPlay Forward
Center Left Wing Right Wing Time % Phy DF OF
1 Dominic Toninato Keegan Kolesar Vasily Podkolzin 60 1 2 2
2 Dylan McLaughlin Adam Erne Josh Dickinson 40 1 2 2
PowerPlay Defense
Defense Defense Time % Phy DF OF
1 Alex Vlasic Yannick Weber 60 1 2 2
2 Jack Rathbone Chris Wideman 40 1 2 2
Penalty Kill 4 Players Forward
Center Wing Time % Phy DF OF
1 Dominic Toninato Keegan Kolesar 60 1 2 2
2 Dylan McLaughlin Michael Dal Colle 40 1 2 2
Penalty Kill 4 Players Defense
Defense Defense Time % Phy DF OF
1 Alex Vlasic Connor Carrick 60 1 2 2
2 Jack Rathbone Rob Hamilton 40 1 2 2
Penalty Kill - 3 Players Forward
Forward Time % Phy DF OF
1 Dominic Toninato 60 1 2 2
2 Dylan McLaughlin 40 1 2 2
Penalty Kill - 3 Players Defense
Defense Defense Time % Phy DF OF
1 Alex Vlasic Connor Carrick 60 1 2 2
2 Jack Rathbone Rob Hamilton 40 1 2 2
4 vs 4 Forward
Center Wing Time % Phy DF OF
1 Keegan Kolesar Vasily Podkolzin 60 1 2 2
2 Dominic Turgeon Michael Dal Colle 40 1 2 2
4 vs 4 Defense
Defense Defense Time % Phy DF OF
1 Alex Vlasic Jack Rathbone 60 1 2 2
2 Connor Carrick Yannick Weber 40 1 2 2
Last Minutes Offensive
Center Left Wing Right Wing Defense Defense
Dominic Toninato Keegan Kolesar Vasily Podkolzin Alex Vlasic Jack Rathbone
Last Minutes Defensive
Center Left Wing Right Wing Defense Defense
Dylan McLaughlin Keegan Kolesar Dominic Toninato Alex Vlasic Connor Carrick
Goaltenders
Starting : Laurent Brossoit
Backup : Matt Tomkins
Extra Forwards
Normal : Josh Dickinson, Adam Erne, Aleksi Heponiemi - PP : Josh Dickinson, Aleksi Heponiemi - PK : Josh Dickinson
Extra Defensemen
Normal : Rob Hamilton, Seth Barton, Jack Rathbone - PP : David Warsofsky - PK : Rob Hamilton, Seth Barton
Penalty Shots
Keegan Kolesar, Vasily Podkolzin, Dominic Toninato, Aleksi Heponiemi, Michael Dal Colle
% Time on Ice - Newfoundland Shamrocks
Lines # - Real PCT - Wanted PCT - Time Play
Normal Forward
1 - 29% - 40% - 13:27
2 - 32% - 30% - 14:56
3 - 18% - 20% - 8:11
4 - 21% - 10% - 9:33
Normal Defense
1 - 40% - 40% - 18:35
2 - 33% - 30% - 15:21
3 - 24% - 20% - 11:03
4 - 2% - 10% - 1:08
PP Forward
1 - 55% - 60% - 3:15
2 - 45% - 40% - 2:42
PP Defense
1 - 57% - 60% - 3:24
2 - 43% - 40% - 2:33
PK Forward
1 - 66% - 60% - 5:14
2 - 34% - 40% - 2:42
PK Defense
1 - 60% - 60% - 4:46
2 - 40% - 40% - 3:10
PK3 Forward
1 - 0% - 60%
2 - 0% - 40%
PK3 Defense
1 - 0% - 60%
2 - 0% - 40%
44 Forward
1 - 0% - 60%
2 - 0% - 40%
44 Defense
1 - 0% - 60%
2 - 0% - 40%
Last Minute Offensive - 0:00
Last Minute Defensive - 0:00
Total
Forward - 60:00
Defense - 60:00
|
% Time on Ice - Sarnia Sailors
Lines # - Real PCT - Wanted PCT - Time Play
Normal Forward
1 - 34% - 40% - 15:46
2 - 31% - 30% - 14:17
3 - 18% - 20% - 8:24
4 - 17% - 10% - 7:40
Normal Defense
1 - 29% - 40% - 13:28
2 - 39% - 30% - 17:55
3 - 25% - 20% - 11:30
4 - 7% - 10% - 3:14
PP Forward
1 - 57% - 60% - 4:29
2 - 43% - 40% - 3:27
PP Defense
1 - 48% - 60% - 3:48
2 - 52% - 40% - 4:08
PK Forward
1 - 91% - 60% - 5:25
2 - 9% - 40% - 0:32
PK Defense
1 - 59% - 60% - 3:30
2 - 41% - 40% - 2:27
PK3 Forward
1 - 0% - 60%
2 - 0% - 40%
PK3 Defense
1 - 0% - 60%
2 - 0% - 40%
44 Forward
1 - 0% - 60%
2 - 0% - 40%
44 Defense
1 - 0% - 60%
2 - 0% - 40%
Last Minute Offensive - 0:00
Last Minute Defensive - 0:00
Total
Forward - 60:00
Defense - 60:00
|
Play-by-Play
1st period
0:01 of 1st period - Dominic Toninato wins face-off versus Denis Gurianov in neutral zone.
0:33 of 1st period - Snap shot by Adam Erne.
0:33 of 1st period - Shot Misses the Net.
0:35 of 1st period - Slapshot by Alex Vlasic.
0:35 of 1st period - Stopped by Louis Domingue with a rebound.
0:37 of 1st period - Slapshot by Dylan McLaughlin.
0:37 of 1st period - Stopped by Louis Domingue without a rebound.
0:38 of 1st period - Dominic Turgeon wins face-off versus Tanner Laczynski in Newfoundland Shamrocks zone.
1:07 of 1st period - Icing by Wyatte Wylie.
1:08 of 1st period - Semyon Der-Arguchintsev wins face-off versus Josh Dickinson in Newfoundland Shamrocks zone.
1:08 of 1st period - Semyon Der-Arguchintsev is hit by Chris Wideman.
1:24 of 1st period - Wrist shot by Chris Wideman.
1:24 of 1st period - Shot Blocked by Alec Regula.
1:46 of 1st period - Snap shot by Semyon Der-Arguchintsev.
1:46 of 1st period - Stopped by Laurent Brossoit with a rebound.
2:00 of 1st period - Slapshot by Semyon Der-Arguchintsev.
2:00 of 1st period - Stopped by Laurent Brossoit with a rebound.
2:11 of 1st period - David Warsofsky is hit by Filip Hallander.
2:41 of 1st period - Wrist shot by Josh Dickinson.
2:41 of 1st period - Shot Blocked by Semyon Der-Arguchintsev.
2:43 of 1st period - Slapshot by Chris Wideman.
2:43 of 1st period - Stopped by Louis Domingue with a rebound.
2:45 of 1st period - Backhand shot by Yannick Weber.
2:45 of 1st period - Stopped by Louis Domingue with a rebound.
2:47 of 1st period - Slapshot by Chris Wideman.
2:47 of 1st period - Stopped by Louis Domingue with a rebound.
2:49 of 1st period - Wrist shot by Yannick Weber.
2:49 of 1st period - Shot Misses the Net.
2:55 of 1st period - Backhand shot by Josh Dickinson.
2:55 of 1st period - Deflect By Chris Wideman.
2:55 of 1st period - Stopped by Louis Domingue with a rebound.
2:57 of 1st period - Snap shot by David Warsofsky.
2:57 of 1st period - Stopped by Louis Domingue with a rebound.
2:59 of 1st period - Slapshot by Chris Wideman.
2:59 of 1st period - Stopped by Louis Domingue with a rebound.
3:14 of 1st period - Ville Heinola is hit by Yannick Weber and loses puck.
3:49 of 1st period - Snap shot by Semyon Der-Arguchintsev.
3:49 of 1st period - Shot Misses the Net.
4:15 of 1st period - Josh Dickinson is hit by Ville Heinola and loses puck.
4:28 of 1st period - Backhand shot by Chris Wideman.
4:28 of 1st period - Stopped by Louis Domingue with a rebound.
4:30 of 1st period - Slapshot by David Warsofsky.
4:30 of 1st period - Deflect By Chris Wideman.
4:30 of 1st period - Shot Misses the Net.
4:30 of 1st period - Puck is out of play.
4:31 of 1st period - Sean Monahan wins face-off versus Dominic Toninato in Newfoundland Shamrocks zone.
6:06 of 1st period - Wrist shot by Tanner Laczynski.
6:06 of 1st period - Shot Misses the Net.
6:10 of 1st period - Wrist shot by Tanner Laczynski.
6:10 of 1st period - Shot Misses the Net.
6:12 of 1st period - Snap shot by Jacob Bernard-Docker.
6:12 of 1st period - Stopped by Laurent Brossoit with a rebound.
6:14 of 1st period - Snap shot by Riley Barber.
6:14 of 1st period - Shot Misses the Net.
6:26 of 1st period - Snap shot by Vasily Podkolzin.
6:26 of 1st period - Shot Blocked by Jacob Bernard-Docker.
6:49 of 1st period - Slapshot by Keegan Kolesar.
6:49 of 1st period - Shot Misses the Net.
6:51 of 1st period - Wrist shot by Alex Vlasic.
6:51 of 1st period - Stopped by Louis Domingue without a rebound.
6:52 of 1st period - Dylan McLaughlin wins face-off versus Sean Monahan in Newfoundland Shamrocks zone.
6:53 of 1st period - Snap shot by Adam Erne.
6:53 of 1st period - Shot Blocked by Jon Merrill.
6:59 of 1st period - Michael Dal Colle is hit by Sean Monahan.
7:29 of 1st period - Seth Barton is hit by Max Comtois and loses puck.
7:30 of 1st period - Seth Barton from Sarnia Sailors is injured at 7:30 of 1st period (Upper Body).
7:31 of 1st period - Sean Monahan wins face-off versus Dylan McLaughlin in Sarnia Sailors zone.
7:46 of 1st period - Snap shot by Denis Gurianov.
7:46 of 1st period - Stopped by Laurent Brossoit with a rebound.
8:11 of 1st period - Wrist shot by Adam Erne.
8:11 of 1st period - Stopped by Louis Domingue with a rebound.
8:13 of 1st period - Slapshot by Mitchell Vande Sompel.
8:13 of 1st period - Shot Misses the Net.
8:19 of 1st period - Wrist shot by Michael Dal Colle.
8:19 of 1st period - Shot Blocked by Nicolas Deslauriers.
8:21 of 1st period - Slapshot by Connor Carrick.
8:21 of 1st period - Shot Misses the Net.
8:23 of 1st period - Slapshot by Michael Dal Colle.
8:23 of 1st period - Stopped by Louis Domingue with a rebound.
8:28 of 1st period - Minor Penalty to Max Comtois for Interference.
8:29 of 1st period - Sean Monahan wins face-off versus Dominic Toninato in Newfoundland Shamrocks zone.
8:55 of 1st period - Alec Regula is hit by Adam Erne and loses puck.
9:39 of 1st period - Icing by Adam Erne.
9:40 of 1st period - Tanner Laczynski wins face-off versus Dylan McLaughlin in Sarnia Sailors zone.
10:05 of 1st period - Vasily Podkolzin is hit by Sean Monahan and loses puck.
10:28 of 1st period - Penalty to Max Comtois is over, Max Comtois is back on ice.
10:34 of 1st period - Snap shot by Aleksi Heponiemi.
10:34 of 1st period - Deflect By Dominic Turgeon.
10:34 of 1st period - Goal by Dominic Turgeon - Newfoundland Shamrocks : 0 - Sarnia Sailors : 1.
10:35 of 1st period - Sean Monahan wins face-off versus Dominic Toninato in neutral zone.
10:38 of 1st period - Snap shot by Denis Gurianov.
10:38 of 1st period - Stopped by Laurent Brossoit with a rebound.
10:46 of 1st period - Dominic Toninato is hit by Jon Merrill and loses puck.
11:33 of 1st period - Riley Barber is hit by Adam Erne.
11:43 of 1st period - Drew O'Connor is hit by Yannick Weber and loses puck.
11:51 of 1st period - Minor Penalty to Riley Barber for Hooking.
11:52 of 1st period - Sean Monahan wins face-off versus Dominic Toninato in Newfoundland Shamrocks zone.
12:06 of 1st period - Snap shot by Vasily Podkolzin.
12:06 of 1st period - Stopped by Louis Domingue without a rebound.
12:07 of 1st period - Dominic Toninato wins face-off versus Sean Monahan in Newfoundland Shamrocks zone.
12:20 of 1st period - Wrist shot by Vasily Podkolzin.
12:20 of 1st period - Stopped by Louis Domingue with a rebound.
12:44 of 1st period - Off-side.
12:45 of 1st period - Keegan Kolesar wins face-off versus Tanner Laczynski in neutral zone.
13:27 of 1st period - Sean Monahan is hit by Chris Wideman and loses puck.
13:51 of 1st period - Penalty to Riley Barber is over, Riley Barber is back on ice.
14:08 of 1st period - Snap shot by Connor Carrick.
14:08 of 1st period - Stopped by Louis Domingue with a rebound.
14:10 of 1st period - Slapshot by Rob Hamilton.
14:10 of 1st period - Shot Blocked by Wyatte Wylie.
14:12 of 1st period - Slapshot by Aleksi Heponiemi.
14:12 of 1st period - Shot Blocked by Nicolas Deslauriers.
14:37 of 1st period - Alex Vlasic is hit by Nicolas Deslauriers and loses puck.
14:52 of 1st period - Snap shot by Nicolas Deslauriers.
14:52 of 1st period - Stopped by Laurent Brossoit with a rebound.
15:02 of 1st period - Snap shot by Nicolas Deslauriers.
15:02 of 1st period - Shot Misses the Net.
15:15 of 1st period - Minor Penalty to Keegan Kolesar for Hooking.
15:16 of 1st period - Dominic Toninato wins face-off versus Semyon Der-Arguchintsev in Sarnia Sailors zone.
15:41 of 1st period - Dominic Toninato is hit by Max Comtois and loses puck.
17:15 of 1st period - Penalty to Keegan Kolesar is over, Keegan Kolesar is back on ice.
17:22 of 1st period - Dylan McLaughlin is hit by Sean Monahan and loses puck.
19:03 of 1st period - Dylan Coghlan is hit by Michael Dal Colle and loses puck.
Goals for this period are 0 for Newfoundland Shamrocks vs 1 for Sarnia Sailors.
Shots for this period are 6 for Newfoundland Shamrocks vs 16 for Sarnia Sailors.
2nd period
0:01 of 2nd period - Sean Monahan wins face-off versus Dominic Toninato in neutral zone.
0:06 of 2nd period - Keegan Kolesar is hit by Alex Chiasson.
0:12 of 2nd period - Snap shot by Dominic Toninato.
0:12 of 2nd period - Deflect By Keegan Kolesar.
0:12 of 2nd period - Stopped by Louis Domingue with a rebound.
0:34 of 2nd period - Icing by Dylan Coghlan.
0:35 of 2nd period - Raphael Lavoie wins face-off versus Vasily Podkolzin in Newfoundland Shamrocks zone.
0:35 of 2nd period - Raphael Lavoie is hit by Vasily Podkolzin.
0:43 of 2nd period - Dominic Toninato is hit by Raphael Lavoie.
1:01 of 2nd period - Slapshot by Adam Erne.
1:01 of 2nd period - Shot Blocked by Jon Merrill.
1:03 of 2nd period - Snap shot by Michael Dal Colle.
1:03 of 2nd period - Shot Misses the Net.
1:05 of 2nd period - Wrist shot by Dylan McLaughlin.
1:05 of 2nd period - Stopped by Louis Domingue without a rebound.
1:06 of 2nd period - Sean Monahan wins face-off versus Dominic Toninato in Newfoundland Shamrocks zone.
1:06 of 2nd period - Sean Monahan is hit by Dominic Toninato.
1:20 of 2nd period - Snap shot by Keegan Kolesar.
1:20 of 2nd period - Stopped by Louis Domingue without a rebound.
1:21 of 2nd period - Sean Monahan wins face-off versus Dylan McLaughlin in Newfoundland Shamrocks zone.
2:01 of 2nd period - Minor Penalty to Max Comtois for Goalie Interference.
2:02 of 2nd period - Sean Monahan wins face-off versus Dominic Toninato in Newfoundland Shamrocks zone.
2:27 of 2nd period - Dylan Coghlan is hit by Yannick Weber and loses puck.
3:21 of 2nd period - Wyatte Wylie is hit by Keegan Kolesar and loses puck.
3:56 of 2nd period - Filip Hallander is hit by Michael Dal Colle and loses puck.
4:01 of 2nd period - Penalty to Max Comtois is over, Max Comtois is back on ice.
4:05 of 2nd period - Dylan Coghlan is hit by Michael Dal Colle and loses puck.
4:39 of 2nd period - Rob Hamilton is hit by Alex Chiasson and loses puck.
5:36 of 2nd period - Slapshot by Yannick Weber.
5:36 of 2nd period - Shot Misses the Net.
5:50 of 2nd period - Jacob Bernard-Docker is hit by Dylan McLaughlin and loses puck.
6:14 of 2nd period - Keegan Kolesar is hit by Dylan Coghlan and loses puck.
6:24 of 2nd period - Icing by Semyon Der-Arguchintsev.
6:25 of 2nd period - Semyon Der-Arguchintsev wins face-off versus Dylan McLaughlin in Newfoundland Shamrocks zone.
6:45 of 2nd period - Wrist shot by Nicolas Deslauriers.
6:45 of 2nd period - Shot Misses the Net.
6:47 of 2nd period - Slapshot by Raphael Lavoie.
6:47 of 2nd period - Stopped by Laurent Brossoit with a rebound.
6:49 of 2nd period - Snap shot by Nicolas Deslauriers.
6:49 of 2nd period - Stopped by Laurent Brossoit with a rebound.
7:44 of 2nd period - Snap shot by Filip Hallander.
7:44 of 2nd period - Goal by Filip Hallander - Newfoundland Shamrocks : 1 - Sarnia Sailors : 1.
7:45 of 2nd period - Sean Monahan wins face-off versus Dominic Toninato in neutral zone.
7:50 of 2nd period - Snap shot by Denis Gurianov.
7:50 of 2nd period - Stopped by Laurent Brossoit with a rebound.
7:56 of 2nd period - Slapshot by Vasily Podkolzin.
7:56 of 2nd period - Stopped by Louis Domingue with a rebound.
7:58 of 2nd period - Slapshot by Alex Vlasic.
7:58 of 2nd period - Deflect By Alex Chiasson.
7:58 of 2nd period - Stopped by Louis Domingue with a rebound.
8:00 of 2nd period - Wrist shot by Vasily Podkolzin.
8:00 of 2nd period - Shot Misses the Net.
8:10 of 2nd period - Michael Dal Colle is hit by Max Comtois and loses puck.
8:57 of 2nd period - Wrist shot by Aleksi Heponiemi.
8:57 of 2nd period - Stopped by Louis Domingue without a rebound.
8:58 of 2nd period - Sean Monahan wins face-off versus Dominic Turgeon in Newfoundland Shamrocks zone.
9:34 of 2nd period - Raphael Lavoie is hit by Keegan Kolesar and loses puck.
9:49 of 2nd period - Slapshot by Semyon Der-Arguchintsev.
9:49 of 2nd period - Shot Blocked by Dominic Toninato.
10:03 of 2nd period - Snap shot by Vasily Podkolzin.
10:03 of 2nd period - Stopped by Louis Domingue without a rebound.
10:04 of 2nd period - Dylan McLaughlin wins face-off versus Sean Monahan in Newfoundland Shamrocks zone.
10:11 of 2nd period - Slapshot by Michael Dal Colle.
10:11 of 2nd period - Stopped by Louis Domingue with a rebound.
10:29 of 2nd period - Wyatte Wylie is hit by Aleksi Heponiemi and loses puck.
10:48 of 2nd period - Wrist shot by Riley Barber.
10:48 of 2nd period - Stopped by Laurent Brossoit without a rebound.
10:49 of 2nd period - Josh Dickinson wins face-off versus Tanner Laczynski in Sarnia Sailors zone.
11:26 of 2nd period - Snap shot by Josh Dickinson.
11:26 of 2nd period - Shot Blocked by Riley Barber.
11:28 of 2nd period - Slapshot by Mitchell Vande Sompel.
11:28 of 2nd period - Shot Blocked by Dylan Coghlan.
11:30 of 2nd period - Slapshot by Rob Hamilton.
11:30 of 2nd period - Shot Misses the Net.
11:32 of 2nd period - Snap shot by Chris Wideman.
11:32 of 2nd period - Shot Misses the Net.
11:34 of 2nd period - Wrist shot by Josh Dickinson.
11:34 of 2nd period - Stopped by Louis Domingue with a rebound.
11:36 of 2nd period - Snap shot by Rob Hamilton.
11:36 of 2nd period - Stopped by Louis Domingue without a rebound.
11:37 of 2nd period - Dominic Toninato wins face-off versus Sean Monahan in Newfoundland Shamrocks zone.
11:46 of 2nd period - Wrist shot by Dominic Toninato.
11:46 of 2nd period - Shot Blocked by Ville Heinola.
12:02 of 2nd period - Denis Gurianov is hit by Connor Carrick and loses puck.
12:31 of 2nd period - Snap shot by Dylan McLaughlin.
12:31 of 2nd period - Stopped by Louis Domingue with a rebound.
13:02 of 2nd period - Yannick Weber is hit by Max Comtois and loses puck.
13:09 of 2nd period - Slapshot by Nicolas Deslauriers.
13:09 of 2nd period - Stopped by Laurent Brossoit with a rebound.
13:11 of 2nd period - Snap shot by Max Comtois.
13:11 of 2nd period - Shot Blocked by David Warsofsky.
13:13 of 2nd period - Wrist shot by Max Comtois.
13:13 of 2nd period - Stopped by Laurent Brossoit with a rebound.
13:41 of 2nd period - Snap shot by Drew O'Connor.
13:41 of 2nd period - Shot Misses the Net.
13:47 of 2nd period - Snap shot by Dominic Turgeon.
13:47 of 2nd period - Shot Misses the Net.
14:07 of 2nd period - Max Comtois is hit by Rob Hamilton and loses puck.
14:20 of 2nd period - Jack Rathbone is hit by Tanner Laczynski and loses puck.
14:35 of 2nd period - Sam Poulin is hit by Chris Wideman and loses puck.
15:46 of 2nd period - Alex Chiasson is hit by Dominic Turgeon and loses puck.
15:53 of 2nd period - Wrist shot by Dominic Turgeon.
15:53 of 2nd period - Stopped by Louis Domingue with a rebound.
16:12 of 2nd period - Off-side.
16:13 of 2nd period - Dominic Toninato wins face-off versus Tanner Laczynski in neutral zone.
16:18 of 2nd period - Snap shot by Keegan Kolesar.
16:18 of 2nd period - Deflect By Dominic Toninato.
16:18 of 2nd period - Stopped by Louis Domingue with a rebound.
16:20 of 2nd period - Slapshot by Alex Vlasic.
16:20 of 2nd period - Stopped by Louis Domingue with a rebound.
16:22 of 2nd period - Slapshot by Mitchell Vande Sompel.
16:22 of 2nd period - Deflect By Dominic Toninato.
16:22 of 2nd period - Shot Blocked by Alec Regula.
16:22 of 2nd period - Puck is out of play.
16:23 of 2nd period - Dominic Toninato wins face-off versus Raphael Lavoie in Newfoundland Shamrocks zone.
16:52 of 2nd period - Off-side.
16:53 of 2nd period - Sean Monahan wins face-off versus Dylan McLaughlin in neutral zone.
17:04 of 2nd period - Jon Merrill is hit by Michael Dal Colle.
17:41 of 2nd period - Slapshot by Semyon Der-Arguchintsev.
17:41 of 2nd period - Goal by Semyon Der-Arguchintsev - Newfoundland Shamrocks : 2 - Sarnia Sailors : 1.
17:42 of 2nd period - Sean Monahan wins face-off versus Dominic Toninato in neutral zone.
17:47 of 2nd period - Wrist shot by Alex Chiasson.
17:47 of 2nd period - Stopped by Laurent Brossoit without a rebound.
17:48 of 2nd period - Dominic Toninato wins face-off versus Sean Monahan in Sarnia Sailors zone.
17:53 of 2nd period - Slapshot by Jack Rathbone.
17:53 of 2nd period - Stopped by Louis Domingue without a rebound.
17:54 of 2nd period - Dominic Toninato wins face-off versus Sean Monahan in Newfoundland Shamrocks zone.
18:05 of 2nd period - Dominic Toninato is hit by Sean Monahan and loses puck.
18:13 of 2nd period - Minor Penalty to Keegan Kolesar for Interference.
18:14 of 2nd period - Max Comtois wins face-off versus Dominic Toninato in Sarnia Sailors zone.
18:40 of 2nd period - Denis Gurianov is hit by Aleksi Heponiemi and loses puck.
19:01 of 2nd period - Aleksi Heponiemi is hit by Denis Gurianov.
Goals for this period are 2 for Newfoundland Shamrocks vs 0 for Sarnia Sailors.
Shots for this period are 9 for Newfoundland Shamrocks vs 15 for Sarnia Sailors.
3rd period
0:01 of 3rd period - Raphael Lavoie wins face-off versus Dominic Toninato in neutral zone.
0:03 of 3rd period - Off-side.
0:04 of 3rd period - Dominic Toninato wins face-off versus Raphael Lavoie in neutral zone.
0:11 of 3rd period - Backhand shot by Connor Carrick.
0:11 of 3rd period - Stopped by Louis Domingue without a rebound.
0:12 of 3rd period - Raphael Lavoie wins face-off versus Dominic Toninato in Newfoundland Shamrocks zone.
0:13 of 3rd period - Penalty to Keegan Kolesar is over, Keegan Kolesar is back on ice.
0:23 of 3rd period - Snap shot by Alex Chiasson.
0:23 of 3rd period - Shot Misses the Net.
0:29 of 3rd period - Slapshot by Connor Carrick.
0:29 of 3rd period - Shot Blocked by Sam Poulin.
0:31 of 3rd period - Slapshot by Connor Carrick.
0:31 of 3rd period - Deflect By Dominic Toninato.
0:31 of 3rd period - Stopped by Louis Domingue without a rebound.
0:32 of 3rd period - Michael Dal Colle wins face-off versus Sean Monahan in Newfoundland Shamrocks zone.
0:57 of 3rd period - Jack Rathbone is hit by Raphael Lavoie and loses puck.
1:16 of 3rd period - Snap shot by Raphael Lavoie.
1:16 of 3rd period - Stopped by Laurent Brossoit with a rebound.
1:18 of 3rd period - Slapshot by Jon Merrill.
1:18 of 3rd period - Stopped by Laurent Brossoit with a rebound.
1:20 of 3rd period - Slapshot by Jon Merrill.
1:20 of 3rd period - Deflect By Drew O'Connor.
1:20 of 3rd period - Shot Misses the Net.
1:20 of 3rd period - Puck is out of play.
1:21 of 3rd period - Tanner Laczynski wins face-off versus Dylan McLaughlin in Sarnia Sailors zone.
1:21 of 3rd period - Ville Heinola is hit by Jack Rathbone and loses puck.
1:24 of 3rd period - Snap shot by Tanner Laczynski.
1:24 of 3rd period - Stopped by Laurent Brossoit with a rebound.
1:26 of 3rd period - Slapshot by Alec Regula.
1:26 of 3rd period - Shot Misses the Net.
1:28 of 3rd period - Snap shot by Ville Heinola.
1:28 of 3rd period - Stopped by Laurent Brossoit without a rebound.
1:29 of 3rd period - Dylan McLaughlin wins face-off versus Sean Monahan in Sarnia Sailors zone.
1:42 of 3rd period - Snap shot by Adam Erne.
1:42 of 3rd period - Shot Misses the Net.
1:44 of 3rd period - Backhand shot by Adam Erne.
1:44 of 3rd period - Shot Blocked by Ville Heinola.
1:56 of 3rd period - Snap shot by Max Comtois.
1:56 of 3rd period - Stopped by Laurent Brossoit with a rebound.
1:58 of 3rd period - Snap shot by Alec Regula.
1:58 of 3rd period - Shot Misses the Net.
2:00 of 3rd period - Wrist shot by Raphael Lavoie.
2:00 of 3rd period - Stopped by Laurent Brossoit without a rebound.
2:01 of 3rd period - Raphael Lavoie wins face-off versus Dominic Toninato in Sarnia Sailors zone.
2:06 of 3rd period - Wrist shot by Max Comtois.
2:06 of 3rd period - Shot Misses the Net.
2:48 of 3rd period - Dominic Turgeon is hit by Jacob Bernard-Docker and loses puck.
2:53 of 3rd period - Slapshot by Max Comtois.
2:53 of 3rd period - Deflect By Raphael Lavoie.
2:53 of 3rd period - Deflect By Mitchell Vande Sompel.
2:53 of 3rd period - Shot Misses the Net.
2:53 of 3rd period - Puck is out of play.
2:54 of 3rd period - Denis Gurianov wins face-off versus Dominic Toninato in Sarnia Sailors zone.
2:55 of 3rd period - Snap shot by Sean Monahan.
2:55 of 3rd period - Shot Misses the Net.
2:57 of 3rd period - Snap shot by Denis Gurianov.
2:57 of 3rd period - Shot Blocked by Dominic Toninato.
2:59 of 3rd period - Slapshot by Alex Chiasson.
2:59 of 3rd period - Shot Blocked by Vasily Podkolzin.
3:01 of 3rd period - Snap shot by Sean Monahan.
3:01 of 3rd period - Stopped by Laurent Brossoit with a rebound.
3:03 of 3rd period - Snap shot by Denis Gurianov.
3:03 of 3rd period - Stopped by Laurent Brossoit with a rebound.
3:21 of 3rd period - Snap shot by Semyon Der-Arguchintsev.
3:21 of 3rd period - Stopped by Laurent Brossoit without a rebound.
3:22 of 3rd period - Semyon Der-Arguchintsev wins face-off versus Dylan McLaughlin in Sarnia Sailors zone.
3:23 of 3rd period - Snap shot by Sam Poulin.
3:23 of 3rd period - Stopped by Laurent Brossoit with a rebound.
3:40 of 3rd period - Minor Penalty to Filip Hallander for Roughing.
3:41 of 3rd period - Keegan Kolesar wins face-off versus Sean Monahan in Newfoundland Shamrocks zone.
5:37 of 3rd period - Jon Merrill is hit by Dominic Toninato and loses puck.
5:40 of 3rd period - Penalty to Filip Hallander is over, Filip Hallander is back on ice.
5:48 of 3rd period - Wrist shot by Filip Hallander.
5:48 of 3rd period - Shot Misses the Net.
6:10 of 3rd period - Snap shot by Semyon Der-Arguchintsev.
6:10 of 3rd period - Shot Blocked by Yannick Weber.
6:39 of 3rd period - Icing by Alex Vlasic.
6:40 of 3rd period - Sean Monahan wins face-off versus Dominic Turgeon in Sarnia Sailors zone.
7:07 of 3rd period - Nicolas Deslauriers is hit by Keegan Kolesar and loses puck.
7:26 of 3rd period - Sean Monahan is hit by Dylan McLaughlin and loses puck.
7:37 of 3rd period - Snap shot by Michael Dal Colle.
7:37 of 3rd period - Shot Misses the Net.
7:39 of 3rd period - Snap shot by Adam Erne.
7:39 of 3rd period - Shot Misses the Net.
8:12 of 3rd period - Wrist shot by Semyon Der-Arguchintsev.
8:12 of 3rd period - Shot Misses the Net.
8:14 of 3rd period - Slapshot by Jacob Bernard-Docker.
8:14 of 3rd period - Stopped by Laurent Brossoit with a rebound.
8:16 of 3rd period - Slapshot by Wyatte Wylie.
8:16 of 3rd period - Shot Blocked by Jack Rathbone.
8:18 of 3rd period - Slapshot by Wyatte Wylie.
8:18 of 3rd period - Shot Blocked by Vasily Podkolzin.
8:20 of 3rd period - Slapshot by Semyon Der-Arguchintsev.
8:20 of 3rd period - Stopped by Laurent Brossoit without a rebound.
8:21 of 3rd period - Dylan McLaughlin wins face-off versus Alex Chiasson in Sarnia Sailors zone.
8:23 of 3rd period - Michael Dal Colle is hit by Dylan Coghlan and loses puck.
8:28 of 3rd period - Jon Merrill is hit by Michael Dal Colle and loses puck.
8:43 of 3rd period - Slapshot by Max Comtois.
8:43 of 3rd period - Shot Misses the Net.
8:45 of 3rd period - Wrist shot by Nicolas Deslauriers.
8:45 of 3rd period - Deflect By Max Comtois.
8:45 of 3rd period - Goal by Max Comtois - Newfoundland Shamrocks : 3 - Sarnia Sailors : 1.
8:46 of 3rd period - Sean Monahan wins face-off versus Dominic Toninato in neutral zone.
9:11 of 3rd period - Michael Dal Colle is hit by Max Comtois.
9:17 of 3rd period - Dylan Coghlan is hit by Mitchell Vande Sompel and loses puck.
10:41 of 3rd period - Minor Penalty to Yannick Weber for Tripping.
10:42 of 3rd period - Raphael Lavoie wins face-off versus Dominic Toninato in Sarnia Sailors zone.
11:11 of 3rd period - Dominic Toninato is hit by Semyon Der-Arguchintsev and loses puck.
12:20 of 3rd period - Josh Dickinson is hit by Denis Gurianov.
12:41 of 3rd period - Penalty to Yannick Weber is over, Yannick Weber is back on ice.
12:44 of 3rd period - Slapshot by Yannick Weber.
12:44 of 3rd period - Shot Misses the Net.
13:45 of 3rd period - Sam Poulin is hit by Mitchell Vande Sompel and loses puck.
14:31 of 3rd period - Nicolas Deslauriers is hit by Rob Hamilton and loses puck.
15:13 of 3rd period - Dylan Coghlan is hit by Mitchell Vande Sompel and loses puck.
16:38 of 3rd period - Dylan Coghlan is hit by David Warsofsky and loses puck.
17:19 of 3rd period - Dylan McLaughlin is hit by Denis Gurianov and loses puck.
19:47 of 3rd period - Michael Dal Colle is hit by Filip Hallander.
19:51 of 3rd period - Wyatte Wylie is hit by Yannick Weber and loses puck.
Goals for this period are 1 for Newfoundland Shamrocks vs 0 for Sarnia Sailors.
Shots for this period are 13 for Newfoundland Shamrocks vs 2 for Sarnia Sailors.
Back to the Top